 Dungeon Crawl Stone Soup version 0.31.0-12-g77e489cdc1 (webtiles) character file.

Game seed: 10460599307436131865

41069 CBP the Tortoise (level 13, -3/118 HPs)
             Began as a Minotaur Hunter on Mar 5, 2024.
             Was the Champion of the Shining One.
             Shot with an arrow by a centaur warrior (11 damage)
             ... on level 15 of the Dungeon.
             The game lasted 01:35:35 (15170 turns).

CBP the Tortoise (Minotaur Hunter)                 Turns: 15170, Time: 01:35:35

Health: -3/118     AC: 26    Str: 28    XL:     13   Next: 78%
Magic:  12/12      EV: 14    Int:  4    God:    the Shining One [******]
Gold:   872        SH:  5    Dex: 15    Spells: 12/12 levels left

rFire   + . .        X - +12 war axe "Nugash" {venom, +Blink Stlth+}
rCold   . . .        z - +0 buckler
rNeg    + + +        d - +2 chain mail
rPois   .            j - +0 hat
rElec   .            g - +2 cloak {rCorr}
rCorr   +            w - +0 pair of gloves of the Spider Nest {Will+ Str+2}
SInv    +            a - +0 pair of boots
Will    +....        (no amulet)
Stlth   +            q - +6 ring of strength
HPRegen 0.39/turn    A - +4 ring of protection
MPRegen 0.13/turn

%: no passive effects
@: hasted, glowing, very quick
A: horns 2, retaliatory headbutt, see invisible, dopey 1, fire resistance 1,
sturdy frame 1
a: Renounce Religion, Evoke Blink, Divine Shield, Cleansing Flame, Summon Divine
Warrior, Brand Weapon With Holy Wrath


You were on level 15 of the Dungeon.
You worshipped the Shining One.
The Shining One was exalted by your worship.
You visited 4 branches of the dungeon, and saw 18 of its levels.
You also visited: Ice Cave.

You collected 892 gold pieces.
You donated 20 gold pieces to Zin.

Inventory:

Hand Weapons
 c - a +0 orcbow
 f - a +4 dagger of protection
 x - a +0 trident of flaming
 F - a +0 dagger of holy wrath
 H - a +1 hand axe of venom
 K - a +3 scimitar of flaming
 P - a +1 short sword of flaming
 W - a +1 rapier of holy wrath
 X - the +12 war axe "Nugash" (weapon) {venom, +Blink Stlth+}
   (You found it on level 12 of the Dungeon)

   +Blink:    It lets you blink.
   Stlth+:    It makes you more stealthy.
Missiles
 e - a curare-tipped dart
 l - 27 poisoned darts (quivered)
 u - 9 darts of dispersal
 U - 3 javelins
Armour
 a - a +0 pair of boots (worn)
 d - a +2 chain mail (worn)
 g - a +2 cloak of preservation (worn)
 j - a +0 hat (worn)
 k - a scarf of invisibility
 w - the +0 pair of gloves of the Spider Nest (worn) {Will+ Str+2}
   (You found it on level 7 of the Dungeon)

   Str+2:     It affects your strength (+2).
   Will+:     It increases your willpower.
 z - a +0 buckler (worn)
 D - a +2 cloak
 Q - an orb of guile
Magical Staves
 C - a staff of alchemy
Jewellery
 h - a ring of protection from cold
 q - a +6 ring of strength (left hand)
 r - a ring of protection from cold
 v - a ring of ice
 y - a ring of fire
 A - a +4 ring of protection (right hand)
 I - a +4 ring of slaying
 O - a ring of flight
 R - a ring of fire
Wands
 m - a wand of mindburst (12)
 E - a wand of iceblast (7)
 M - a wand of charming (29)
 T - a wand of light (4)
Scrolls
 b - a scroll of butterflies
 i - 3 scrolls of identify
 s - a scroll of fog
 t - a scroll of poison
 G - a scroll of immolation
 L - 2 scrolls of revelation
 V - 4 scrolls of vulnerability
Potions
 n - 2 potions of enlightenment
 o - a potion of brilliance
 B - a potion of magic {unknown}
 Z - a potion of invisibility
Miscellaneous
 J - a lightning rod (4/4)


   Skills:
 + Level 12.0 Fighting
 + Level 11.3 Short Blades
 + Level 7.7 Axes
 + Level 5.9 Ranged Weapons
 - Level 6.0 Throwing
 + Level 15.3 Armour
 + Level 9.7 Dodging
 + Level 4.0 Stealth
 + Level 3.3 Shields
 + Level 5.4 Evocations


You had 12 spell levels left.
You didn't know any spells.
Your spell library contained the following spells:

 Spells                   Type           Power      Damage    Failure   Level
 Foxfire                  Conj/Fire      0%         2x1d4     83%         1
 Necrotise                Necr           0%         1d4       83%         1
 Slow                     Hex            0%         N/A       83%         1
 Summon Small Mammal      Summ           0%         N/A       83%         1
 Call Canine Familiar     Summ           0%         N/A       99%         3
 Confusing Touch          Hex            0%         N/A       99%         3
 Dazzling Flash           Conj/Hex       0%         N/A       99%         3
 Hailstorm                Conj/Ice       0%         3d5       99%         3
 Inner Flame              Hex/Fire       0%         N/A       99%         3
 Sigil of Binding         Hex            0%         N/A       99%         3
 Stone Arrow              Conj/Erth      0%         3d7       99%         3
 Vampiric Draining        Necr           0%         2d6       99%         3
 Animate Armour           Summ/Erth      0%         N/A       100%        4
 Martyr's Knell           Necr/Summ      0%         N/A       100%        4
 Passage of Golubria      Tloc           0%         N/A       100%        4
 Summon Blazeheart Golem  Fire/Summ      0%         N/A       100%        4
 Summon Lightning Spire   Summ/Air       0%         N/A       100%        4
 Curse of Agony           Necr           0%         N/A       100%        5
 Fireball                 Conj/Fire      0%         3d3       100%        5
 Irradiate                Conj/Alch      0%         3d11      100%        5
 Lee's Rapid Deconstruct  Erth           0%         3d4*      100%        5
 Silence                  Hex/Air        0%         N/A       100%        5
 Plasma Beam              Fire/Air       0%         2x1d10    100%        6
 Starburst                Conj/Fire      0%         6d3       100%        6
 Summon Hydra             Summ           0%         N/A       100%        7
 Ignition                 Fire           0%         3d3       100%        8
 Lehudib's Crystal Spear  Conj/Erth      0%         10d2      100%        8


Dungeon Overview and Level Annotations

Branches:
Dungeon (15/15)            Temple (1/1) D:7            Lair (1/5) D:8
    Orc (1/2) D:12         Vaults (0/5) D:13         Depths (0/4) D:15
  IceCv (visited)

Altars:
Ashenzari
Cheibriados
Dithmenos
Elyvilon
Gozag
Hepliaklqana
Kikubaaqudgha
Makhleb
Nemelex Xobeh
Okawaru
Qazlal
Ru
Sif Muna
Trog
Uskayaw
Vehumet
Wu Jian
Xom
Yredelemnul
Zin
The Shining One

Portals:
Trove: D:10 (give 3 scrolls of blinking)


Innate Abilities, Weirdness & Mutations

You have a pair of horns on your head.
You reflexively headbutt those who attack you in melee.
You have supernaturally acute eyesight. (SInv)
You are dopey. (Int -2)
Your flesh is heat resistant. (rF+)
Your movements are slightly less encumbered by armour. (ER -2)


Message History

The centaur kicks your butterfly.
Your butterfly dies!
Your butterfly disappears in a burst of colours!
The centaur warrior shoots an arrow.
You block the arrow.
The centaur unwields a +0 shortbow.
The centaur barely misses you.
The centaur kicks you but does no damage.
The centaur unwields a +0 shortbow.
The centaur closely misses your butterfly.
The centaur kicks your butterfly.
Your butterfly dies!
Your butterfly disappears in a burst of colours!
You hit the centaur warrior.
The centaur warrior is poisoned.
The centaur warrior is lightly wounded.
You hit the centaur warrior simulacrum. You slash the centaur!
The centaur is poisoned.
You slice the centaur!!
The centaur unwields a +4 shortbow.
The centaur barely misses you. You furiously retaliate!
You headbutt the centaur!
You kill the centaur!
The centaur warrior simulacrum barely misses you.
You block the centaur warrior simulacrum's attack.
The centaur hits you but does no damage.
The centaur kicks you.
* * * LOW HITPOINT WARNING * * *
The centaur warrior shoots an arrow.
The arrow barely misses you.
The arrow hits the centaur warrior simulacrum.
You slash the centaur warrior!
The centaur warrior looks as sick as possible!
You headbutt the centaur warrior, but do no damage.
The centaur warrior is moderately wounded.
You slash the centaur! You hit the centaur warrior simulacrum.
You barely miss the centaur. The centaur hits your butterfly.
Your butterfly dies!
Your butterfly disappears in a burst of colours!
The centaur warrior hits you but does no damage.
The centaur warrior closely misses you. The centaur barely misses you. x2
You block the centaur's attack. The centaur barely misses you.
The centaur warrior simulacrum hits you but does no damage.
The centaur warrior simulacrum kicks you but does no damage.
The centaur warrior shoots an arrow.
The arrow hits you!
You die...

**************#..#***************
#..# * #..# *
*******########..#######*********
,,,,,,,......(..........,,,,,,,,,
*,,,,,,........b..bb....,,,,,****
**,,,,,....bbc.b.b......,,,,,*
,**,,,,....b............,,,,,*
*,*,,,,...b.b..b@Zb.bb..,,,,,*
,**,,,,...bbbbbccc......,,,,,*
**<,,,,......b.b........,,,,,*
,,,,,,,..%.b..bb.c......,,,,,*
,,,,,,,.....bb..........,,,,,****
,,,,,,,.................,,,,,,,,,
,,,,,,,.................,,,,,,,,,
*******#########........,,,,,,,,,
*......,,,,,,,,,,,


You could see 2 centaur warriors, 3 centaurs and a centaur warrior simulacrum.

Vanquished Creatures
  3 vault guards (D:13)
  A hydra (D:13)
  Erolcha (D:12)
  Harold (D:9)
  A catoblepas (D:14)
  6 centaur warriors
  An ogre mage (D:13)
  5 boulder beetles
  A tengu warrior (D:13)
  A two-headed ogre (D:11)
  2 deep elf knights (D:13)
  3 skeletal warriors (D:14)
  A sun moth (shapeshifter) (D:14)
  2 orc knights (D:13)
  3 deep elf pyromancers
  A harpy (shapeshifter) (D:14)
  A wolf spider (D:14)
  The ghost of Kiptir the Caller, a novice DsBr (D:7)
  3 manticores
  2 ugly things
  2 cyclopes
  3 meliai (D:12)
  Maurice (D:12)
  A meliai (shapeshifter) (D:14)
  Joseph (D:9)
  Jeremiah (D:9)
  An unseen horror (D:12)
  2 gargoyles
  A yaktaur (D:13)
  A komodo dragon (D:8)
  A freezing wraith (D:14)
  A tengu conjurer (D:13)
  An efreet (D:14)
  2 trolls
  A hornet (D:7)
  A blink frog (shapeshifter) (D:13)
  Sigmund (D:2)
  2 wyverns
  18 yaks
  2 shadows
  4 wraiths
  2 basilisks
  A human (D:13)
  A steam dragon (D:9)
  6 vampire mosquitoes (D:11)
  A water moccasin (D:5)
  5 acid dragons
  2 laughing skulls (D:13)
  6 orc warriors
  A sky beast (D:8)
  A black bear (D:8)
  9 centaurs
  3 ogres
  A phantom (D:5)
  2 kobold brigands
  5 bullfrogs
  3 scorpions
  A cane toad simulacrum (IceCv)
  A gnoll sergeant (D:3)
  11 wights
  11 killer bees
  12 howler monkeys
  An electric eel (D:6)
  11 orc priests
  A bombardier beetle (D:3)
  A jelly (D:4)
  2 hounds
  A gnoll bouda (D:8)
  A sleepcap (D:4)
  5 iguanas
  Natasha (thrice) (D:2)
  14 orc wizards
  12 gnolls
  5 adders
  13 white imps
  3 ribbon worms
  A dart slug (D:3)
  29 orcs
  4 bats
  10 endoplasms
  4 giant cockroaches
  4 goblins
  5 hobgoblins
  5 jackals (D:1)
  7 quokkas
  7 ball pythons
  2 frilled lizards (D:1)
  15 kobolds
  3 rats
342 creatures vanquished.

Vanquished Creatures (others)
  A centaur warrior (D:14)
  A deep elf pyromancer (D:11)
  An adder (D:6)
3 creatures vanquished.

Grand Total: 345 creatures vanquished

Notes
Turn   | Place    | Note
-------+----------+-------------------------------------------
     0 | D:1      | CBP the Minotaur Hunter began the quest for the Orb.
     0 | D:1      | Reached XP level 1. HP: 18/18 MP: 0/0
   117 | D:1      | Found a faded altar of an unknown god.
   146 | D:1      | Reached XP level 2. HP: 25/25 MP: 1/1
   215 | D:1      | Reached skill level 5 in Ranged Weapons
   648 | D:1      | Prayed at the altar of an unknown god.
   648 | D:1      | Became a worshipper of the Shining One
   648 | D:1      | Reached * piety under the Shining One
   748 | D:2      | Reached XP level 3. HP: 30/30 MP: 2/2
   767 | D:2      | Noticed Sigmund
   791 | D:2      | Killed Sigmund
   792 | D:2      | Reached skill level 2 in Armour
   792 | D:2      | Reached XP level 4. HP: 30/38 MP: 3/3
   792 | D:2      | Reached XP level 5. HP: 35/45 MP: 4/4
  1083 | D:2      | Gained mutation: You are vulnerable to cold. (rC-) [potion
                  | of mutation]
  1085 | D:2      | Lost mutation: You are vulnerable to cold. (rC-) [potion of
                  | mutation]
  1085 | D:2      | Gained mutation: Your movements are slightly less
                  | encumbered by armour. (ER -2) [potion of mutation]
  1085 | D:2      | Gained mutation: Your flesh is heat resistant. (rF+)
                  | [potion of mutation]
  1085 | D:2      | Gained mutation: You are dopey. (Int -2) [potion of
                  | mutation]
  1085 | D:2      | Gained mutation: You have supernaturally acute eyesight.
                  | (SInv) [potion of mutation]
  1086 | D:2      | Noticed Natasha
  1095 | D:2      | Killed Natasha
  1167 | D:2      | Noticed Natasha
  1175 | D:2      | Killed Natasha
  1176 | D:2      | Reached XP level 6. HP: 39/51 MP: 5/5
  1345 | D:2      | Noticed Natasha
  1355 | D:2      | Killed Natasha
  1846 | D:3      | Reached skill level 3 in Armour
  2018 | D:3      | Reached ** piety under the Shining One
  2279 | D:3      | Found a shimmering altar of Xom.
  2280 | D:3      | Found a hazy altar of Hepliaklqana.
  2280 | D:3      | Noticed a yak
  2281 | D:3      | Noticed a spectral ugly thing
  2281 | D:3      | Noticed a yak
  2357 | D:3      | Reached XP level 7. HP: 57/58 MP: 6/6
  2547 | D:4      | Reached skill level 1 in Stealth
  2565 | D:4      | Reached skill level 5 in Short Blades
  2570 | D:4      | Reached skill level 4 in Armour
  2853 | D:5      | Entered Level 5 of the Dungeon
  3242 | D:5      | Reached skill level 5 in Armour
  3932 | D:5      | Reached XP level 8. HP: 67/67 MP: 7/7
  3982 | D:5      | Reached skill level 5 in Fighting
  4331 | D:6      | Reached skill level 6 in Armour
  5666 | D:7      | Noticed a hornet
  5676 | D:7      | Killed a hornet
  5677 | D:7      | Reached skill level 7 in Armour
  5677 | D:7      | Reached XP level 9. HP: 56/77 MP: 8/8
  5820 | D:7      | Reached *** piety under the Shining One
  5834 | D:7      | Reached skill level 1 in Throwing
  5901 | D:7      | Found a staircase to the Ecumenical Temple.
  5906 | Temple   | Entered the Ecumenical Temple
  6094 | Temple   | Fell from the grace of the Shining One
  6094 | Temple   | Became a worshipper of Zin the Law-Giver
  6094 | Temple   | Reached * piety under Zin
  6094 | Temple   | Reached ** piety under Zin
  6102 | Temple   | Fell from the grace of Zin
  6102 | Temple   | Became a worshipper of the Shining One
  6156 | D:7      | Found a runed translucent door.
  6159 | D:7      | Noticed Kiptir's ghost (novice DsBr)
  6198 | D:7      | Killed Kiptir's ghost
  6199 | D:7      | Reached skill level 8 in Armour
  6212 | D:7      | Reached skill level 9 in Armour
  6212 | D:7      | Reached XP level 10. HP: 89/89 MP: 9/9
  6223 | D:7      | Identified the +0 pair of gloves of the Spider Nest {Will+
                  | Str+2}
  6786 | D:8      | Found a basalt altar of Yredelemnul.
  6812 | D:8      | Reached skill level 10 in Armour
  6921 | D:8      | Reached skill level 10 in Short Blades
  6979 | D:8      | Found a staircase to the Lair.
  7121 | Lair:1   | Entered Level 1 of the Lair of Beasts
  7744 | D:9      | Noticed Jeremiah
  7744 | D:9      | Noticed Joseph
  7752 | D:9      | Killed Joseph
  7753 | D:9      | Reached XP level 11. HP: 94/95 MP: 10/10
  7761 | D:9      | Killed Jeremiah
  7839 | D:9      | Noticed Harold
  7871 | D:9      | Killed Harold
  7872 | D:9      | Reached skill level 11 in Armour
  8551 | D:10     | Entered Level 10 of the Dungeon
  9270 | D:10     | Found a portal to a secret trove of treasure.
  9422 | D:10     | Reached skill level 12 in Armour
 10044 | D:11     | Noticed a deep elf pyromancer
 10044 | D:11     | Noticed a deep elf pyromancer
 10045 | D:11     | Noticed a deep elf pyromancer
 10047 | D:11     | Noticed a deep elf pyromancer
 10056 | D:11     | Killed a deep elf pyromancer
 10062 | D:11     | Killed a deep elf pyromancer
 10096 | D:11     | Killed a deep elf pyromancer
 10101 | D:11     | Got the Secrets of Dhcmrlchtdj
 10108 | D:11     | Got Ts'ui Pên's Papyrus of Forking Paths
 10194 | D:11     | Got the Parchment of Axaxaxas mlö
 10224 | D:11     | Noticed a two-headed ogre
 10235 | D:11     | Killed a two-headed ogre
 10251 | D:11     | Reached skill level 13 in Armour
 10588 | D:12     | Reached XP level 12. HP: 101/106 MP: 11/11
 10589 | D:12     | Reached skill level 10 in Fighting
 10591 | D:12     | Reached **** piety under the Shining One
 10628 | D:12     | Found a frozen archway.
 10646 | IceCv    | Entered an ice cave
 10727 | D:12     | Noticed a boulder beetle
 10741 | D:12     | Killed a boulder beetle
 10818 | D:12     | Reached ***** piety under the Shining One
 11049 | D:12     | Reached skill level 5 in Evocations
 11208 | D:12     | Found a staircase to the Orcish Mines.
 11217 | Orc:1    | Entered Level 1 of the Orcish Mines
 11340 | D:12     | Noticed a boulder beetle
 11371 | D:12     | Killed a boulder beetle
 11508 | D:12     | Noticed Erolcha
 11525 | D:12     | Killed Erolcha
 11526 | D:12     | Reached skill level 5 in Throwing
 11571 | D:12     | Identified the +12 war axe "Nugash" {venom, +Blink Stlth+}
 11933 | D:12     | Noticed Maurice
 11958 | D:12     | Killed Maurice
 11959 | D:12     | Reached skill level 1 in Axes
 12041 | D:13     | Noticed a centaur warrior
 12045 | D:13     | Reached skill level 14 in Armour
 12045 | D:13     | Noticed a six-headed hydra
 12049 | D:13     | Killed a centaur warrior
 12056 | D:13     | Killed a nine-headed hydra
 12060 | D:13     | Noticed a centaur warrior
 12303 | D:13     | Killed a centaur warrior
 12506 | D:13     | Noticed a centaur warrior
 12508 | D:13     | Noticed a centaur warrior
 12512 | D:13     | Killed a centaur warrior
 12519 | D:13     | Killed a centaur warrior
 12803 | D:13     | Noticed a tengu warrior
 12824 | D:13     | Killed a tengu warrior
 12946 | D:13     | Noticed a vault guard
 12975 | D:13     | Reached XP level 13. HP: 70/116 MP: 12/12
 13081 | D:13     | Paralysed by an ogre mage for 4 turns
 13131 | D:13     | Reached skill level 5 in Axes
 13253 | D:13     | Found a gate to the Vaults.
 13306 | D:13     | Reached skill level 1 in Shields
 14324 | D:14     | Reached skill level 15 in Armour
 14557 | D:14     | Found a shimmering altar of Xom.
 15099 | D:15     | Entered Level 15 of the Dungeon
 15161 | D:15     | Reached ****** piety under the Shining One
 15170 | D:15     | Shot with an arrow by a centaur warrior

Illustrated notes

Levels and vault maps discovered:
D:1:      mushboom_english_gardens, layout_basic,
          shapermc_ecumenical_altar_mp_ritualfount, kennysheep_flooded_box
D:2:      layout_basic, uniq_sigmund, uniq_natasha
D:3:      minmay_diamond_boxcup, layout_basic, regret_index_temple_of_mockery
D:4:      layout_basic, old_standard_altar, nicolae_tricolors
D:5:      layout_loops_corners, hangedman_abyss_or_decor_stagger,
          grunt_decor_one_mirror
D:6:      layout_basic, minivault_14
D:7:      layout_cave_pools, temple_doors_cd, hellmonk_ghost_happy_afterlife
D:8:      layout_cave_pools, yredelemnul_altar_generic, erik_lair_dragon
D:9:      layout_loops_ring, st_stairs_5, uniq_jeremiah, uniq_harold,
          uniq_joseph
D:10:     layout_rooms, serial_co_window_serial, co_window_corner_a,
          co_window_paths_a, co_window_cross_1, co_window_paths_b,
          co_window_corner_a, co_window_of_opportunity_c,
          co_window_unsneaky_path_b, co_window_corner_ca, co_window_paths_c,
          co_window_of_opportunity_b, co_window_2corner, co_window_paths_c,
          glass_columns_a, glass_columns_b, glass_columns_a, glass_columns_c,
          glass_columns_a, trove_entry_hex_spiral, kennysheep_generic_room_12
D:11:     layout_rooms, bh_hangedman_babel_library
D:12:     layout_grid_maze, orc_0_dummy, portal_ice_cave_entry_imps,
          st_stairs_12, uniq_maurice, uniq_erolcha
D:13:     layout_rooms, grunt_vaults_entry_fortified, minmay_holes,
          corner_web_ring
D:14:     layout_loops_ring, xom_confusion_cloud
D:15:     gammafunk_enter_depths_forms, layout_long_grid, amethyst_killhole,
          nicolae_tso_swordbearing_angel
Temple:   eino_narrow_crystal_temple
Lair:1:   layout_chaotic_city, infiniplex_staircase_pool_2
Orc:1:    layout_caves, enter_volcano_4, nicolae_orc_tapped_out

Skill      XL: |  1  2  3  4  5  6  7  8  9 10 11 12 13 |
---------------+----------------------------------------+-----
Ranged Weapons | 5 |  5.9
Fighting       | 3 4 6 8 9 11 12 | 12.0
Short Blades   | 2 3 4 6 7 9 10 11 | 11.3
Armour         | 2 3 5 7 9 10 13 14 15 | 15.3
Stealth        | 1 3 4 |  4.0
Dodging        | 3 4 6 7 9 |  9.7
Throwing       | 4 6 |  6.0
Evocations     | 3 4 5 |  5.4
Axes           | 4 7 |  7.7
Shields        | 3 |  3.3

Action                     |  1- 3 |  4- 6 |  7- 9 | 10-12 | 13-15 || total
---------------------------+-------+-------+-------+-------+-------++-------
  Melee: Dagger            |    80 |   136 |   303 |   665 |   213 ||  1397
         Headbutt          |    16 |    47 |    99 |   226 |   121 ||   509
         Punch             |     1 |     5 |     7 |    10 |       ||    23
         War axe           |       |       |       |    18 |    70 ||    88
   Fire: Shortbow          |    17 |       |       |       |       ||    17
  Throw: Dart              |     2 |       |     9 |    33 |    11 ||    55
         Stone             |       |       |       |     9 |    64 ||    73
         Throwing net      |       |       |       |     2 |       ||     2
         Javelin           |       |       |       |       |     1 ||     1
  Evoke: Wand              |       |       |     4 |    10 |     1 ||    15
         Lightning rod     |       |       |       |    14 |       ||    14
    Use: Scroll            |     4 |     2 |     9 |    10 |     6 ||    31
         Potion            |       |     2 |     6 |     2 |     6 ||    16
 Armour: Chain mail        |    60 |    94 |   189 |   436 |   210 ||   989
  Dodge: Dodged            |    33 |    35 |   116 |   332 |   112 ||   628
  Block: Buckler           |       |       |       |       |    60 ||    60
